 Dungeon Crawl Stone Soup version 0.25-a0-317-g5f8687b (webtiles) character file.

Game seed: 18077176047073783509, levelgen mode: deterministic

106874 Firecrotchwizard the Severer (level 15, 0/144 HPs)
             Began as a Minotaur Gladiator on Dec 25, 2019.
             Was the Champion of Makhleb.
             Slain by a shambling mangrove (3 damage)
             ... on level 2 of the Swamp.
             The game lasted 01:03:56 (27160 turns).

Firecrotchwizard the Severer (Minotaur Gladiator)  Turns: 27160, Time: 01:03:56

Health: 0/144      AC: 33    Str: 29    XL:     15   Next: 98%
Magic:  14/14      EV:  9    Int:  5    God:    Makhleb [******]
Gold:   2801       SH:  0    Dex: 13    Spells: 14/14 levels left

rFire    + + +     SeeInvis .   b - +2 battleaxe (drain)
rCold    . . .     Gourm    .   (shield currently unavailable)
rNeg     . . .     Faith    .   t - +0 storm dragon scales
rPois    +         Spirit   .   F - +2 hat
rElec    +         Reflect  .   p - +1 cloak {rF+}
rCorr    .         Harm     .   I - +2 pair of gloves
MR       ++...                  Q - +2 pair of boots
Stlth    ..........             R - amulet of Qiso {Acrobat rPois rF++ MP-9}
HPRegen  0.34/turn              N - ring of protection from magic {MR+, !d}
MPRegen  0.14/turn              Z - +6 ring of protection

@: mighty, grasped by roots, constricted, drained
A: retaliatory headbutt, horns 2
a: Minor Destruction, Lesser Servant of Makhleb, Major Destruction, Greater
Servant of Makhleb, Renounce Religion


You were on level 2 of the Swamp.
You worshipped Makhleb.
Makhleb was exalted by your worship.
You were very hungry.

You visited 5 branches of the dungeon, and saw 26 of its levels.
You also visited: Sewer, Gauntlet and Volcano.

You collected 3076 gold pieces.
You spent 275 gold pieces at shops.

Inventory:

Hand Weapons
 a - the +8 whip "Snakebite" {curare, rPois}
   (You found it on level 1 of the Lair of Beasts)

   It poisons the flesh of those it strikes.
   It protects you from poison.
 b - a +2 battleaxe of draining (weapon)
   (You found it on level 10 of the Dungeon)
 S - a cursed +0 executioner's axe
   (You found it on level 15 of the Dungeon)
Missiles
 d - 5 throwing nets {=f, !d}
 J - 4 silver boomerangs
 V - 6 curare-tipped darts
Armour
 p - a +1 cloak of fire resistance (worn)
   (You found it in a volcano)
 t - +0 storm dragon scales (worn)
   (You took it off a minotaur in a Gauntlet)
 F - a +2 hat (worn)
   (You found it on level 6 of the Dungeon)
 I - a +2 pair of gloves (worn)
   (You found it on level 10 of the Dungeon)
 Q - a +2 pair of boots (worn)
   (You found it on level 2 of the Lair of Beasts)
Jewellery
 B - an uncursed ring of ice {rC+, rF-}
   (You took it off an orc on level 7 of the Dungeon)
 C - an uncursed ring of protection from magic {MR+, !d}
   (You found it on level 15 of the Dungeon)
 G - an uncursed ring of resist corrosion
   (You took it off an orc warrior on level 8 of the Dungeon)
 N - a ring of protection from magic (left hand) {MR+, !d}
   (You found it on level 11 of the Dungeon)
 R - the amulet of Qiso (around neck) {Acrobat rPois rF++ MP-9}
   (You acquired it in a Gauntlet)

   [amulet of the acrobat]

   It helps you evade while moving and waiting.
   It greatly protects you from fire.
   It protects you from poison.
   It affects your magic capacity (-9).
 W - an uncursed amulet of faith {Faith, !P}
   (You found it on level 4 of the Lair of Beasts)
 Z - a +6 ring of protection (right hand)
   (You found it on level 6 of the Lair of Beasts)
Wands
 w - a wand of iceblast (29)
   (You found it on level 3 of the Dungeon)
 L - a wand of acid (10)
   (You found it on level 11 of the Dungeon)
 X - a wand of scattershot (3)
   (You found it on level 5 of the Lair of Beasts)
 Y - a wand of digging (4)
   (You found it on level 6 of the Lair of Beasts)
Scrolls
 h - 3 scrolls of immolation {!r}
 j - 3 scrolls of magic mapping {!r}
 m - 6 scrolls of remove curse
 n - 14 scrolls of teleportation
 o - 3 scrolls of enchant weapon
 r - 16 scrolls of identify
 v - 3 scrolls of fog
 y - 5 scrolls of blinking {!r}
 M - a scroll of enchant armour
 T - a scroll of fear
Potions
 e - 3 potions of berserk rage {!q}
 g - 6 potions of flight
 k - 7 potions of lignification {!q}
 l - 2 potions of ambrosia
 q - 5 potions of brilliance
 u - 3 potions of curing
 x - 4 potions of agility
 z - 2 potions of might
 D - 2 potions of heal wounds
 E - 5 potions of mutation {!q}
 O - a potion of invisibility
Comestibles
 f - 44 rations


   Skills:
 + Level 16.0(14.6) Fighting
 - Level 19.9(18.4) Axes
 - Level 0.3(12.2) Maces & Flails
 - Level 2.0(1.0) Throwing
 + Level 14.0(12.6) Armour
 + Level 7.0(5.9) Dodging
 + Level 12.5(11.2) Invocations


You had 14 spell levels left.
You didn't know any spells.
Your spell library contained the following spells:

 Spells                   Type           Power        Failure   Level  Hunger
 Beastly Appendage        Tmut           #.....       89%         1    ##.....
 Confusing Touch          Hex            #.....       89%         1    ##.....
 Freeze                   Ice            #...         89%         1    ##.....
 Magic Dart               Conj           #...         89%         1    ##.....
 Shock                    Conj/Air       #...         89%         1    ##.....
 Blink                    Tloc           N/A          96%         2    ###....
 Call Imp                 Summ           #.......     96%         2    ###....
 Searing Ray              Conj           #.....       96%         2    ###....
 Shroud of Golubria       Chrm/Tloc      #.....       96%         2    ###....
 Slow                     Hex            #.......     96%         2    ###....
 Sticks to Snakes         Tmut           #.......     96%         2    ###....
 Swiftness                Chrm/Air       #.......     96%         2    ###....
 Confuse                  Hex            #.......     99%         3    ####...
 Conjure Flame            Conj/Fire      #.......     99%         3    ####...
 Dazzling Flash           Conj/Hex       #.....       99%         3    ####...
 Gell's Gravitas          Tloc           #.........   99%         3    ####...
 Lesser Beckoning         Tloc           #.........   99%         3    ####...
 Mephitic Cloud           Conj/Pois/Air  #.......     99%         3    ####...
 Ozocubu's Armour         Chrm/Ice       #.......     99%         3    ####...
 Spider Form              Tmut/Pois      #.........   99%         3    ####...
 Static Discharge         Conj/Air       #.......     99%         3    ####...
 Teleport Other           Tloc           #.......     99%         3    ####...
 Airstrike                Air            #.........   100%        4    #####..
 Fulminant Prism          Conj/Hex       #.........   100%        4    #####..
 Hailstorm                Conj/Ice       #.......     100%        4    #####..
 Ice Form                 Ice/Tmut       #.......     100%        4    #####..
 Iskenderun's Mystic Bla  Conj/Tloc      #.......     100%        4    #####..
 Leda's Liquefaction      Hex/Erth       #.........   100%        4    #####..
 Passage of Golubria      Tloc           N/A          100%        4    #####..
 Petrify                  Tmut/Erth      #.......     100%        4    #####..
 Summon Ice Beast         Ice/Summ       #.......     100%        4    #####..
 Blade Hands              Tmut           #.........   100%        5    ######.
 Bolt of Magma            Conj/Fire/Erth #.........   100%        5    ######.
 Lightning Bolt           Conj/Air       #.........   100%        5    ######.
 Metabolic Englaciation   Hex/Ice        #.........   100%        5    ######.
 Yara's Violent Unravell  Hex/Tmut       #.........   100%        5    ######.
 Iron Shot                Conj/Erth      #.........   100%        6    #######
 Statue Form              Tmut/Erth      #........    100%        6    #######
 Shatter                  Erth           #.........   100%        9    #######


Dungeon Overview and Level Annotations

Branches:
Dungeon (15/15)            Temple (1/1) D:4            Lair (6/6) D:11
  Swamp (2/4) Lair:3       Spider (0/4) Lair:2        Slime (0/5) Lair:5
    Orc (2/2) D:11            Elf (0/3) Orc:2        Vaults (0/5) D:14
 Depths (0/5) D:15          Sewer (visited)         Volcano (visited)
Gauntlet (visited)

Altars:
Cheibriados
Dithmenos
Elyvilon
Fedhas
Gozag
Kikubaaqudgha
Makhleb
Nemelex Xobeh
Qazlal
Ru
Trog
Uskayaw
Vehumet
Wu Jian
Xom
Zin
Beogh
Jiyva

Shops:
D:11 }   Orc:1 (   Orc:2 }((*

Portals:
Trove: D:14 (give +2 storm dragon scales)

Annotations:
D:10 exclusion: obsidian statue
Lair:4 2 transporters, Morgoth's ghost, journeyman DgWn


Innate Abilities, Weirdness & Mutations

You reflexively headbutt those who attack you in melee.
You have a pair of horns on your head.


Message History

The briar patch crumbles away.
The six-headed hydra bites you!
The six-headed hydra bites you but does no damage.
The six-headed hydra barely misses you.
The six-headed hydra bites you but does no damage. x2
The six-headed hydra bites you.
You take 10 damage, and have 97/144 hp.
You barely miss the six-headed hydra. You headbutt the six-headed hydra.
Roots burst forth from the earth!
The grasping roots grab you! The grasping roots constrict you.
The spriggan rider hits you but does no damage.
You completely miss the six-headed hydra.
You headbutt the six-headed hydra!!
The briar patch crumbles away. x3
The six-headed hydra bites you but does no damage. x4
The six-headed hydra closely misses you.
The six-headed hydra bites you but does no damage.
You completely miss the six-headed hydra.
The grasping roots constrict you!!
You take 18 damage, and have 80/144 hp.
You whack the six-headed hydra!
The six-headed hydra is poisoned.
You headbutt the six-headed hydra, but do no damage.
The briar patch crumbles away.
The six-headed hydra bites you but does no damage.
The six-headed hydra closely misses you.
The six-headed hydra bites you but does no damage. x2
The six-headed hydra bites you.
The six-headed hydra bites you but does no damage.
You take 2 damage, and have 78/144 hp.
You whack the six-headed hydra! The six-headed hydra bites you.
The six-headed hydra barely misses you.
The six-headed hydra bites you but does no damage. x3
The six-headed hydra closely misses you.
You take 3 damage, and have 75/144 hp.
You whack the six-headed hydra!
The six-headed hydra looks as sick as possible!
You headbutt the six-headed hydra. You whack the six-headed hydra!
You headbutt the six-headed hydra!
You kill the six-headed hydra!
Makhleb accepts your kill.
You feel better.
Your base Armour skill increases to level 14!
The briar patch crumbles away. x3
You regained 19 hp, and now have 95/144 hp.
You escape the roots' grasp.
The spriggan rider completely misses you.
The shambling mangrove hits you!
You see here a hydra corpse.
You take 8 damage, and have 87/144 hp.
You hit the shambling mangrove.
The spriggan rider hits you but does no damage.
You hit the shambling mangrove but do no damage.
You headbutt the shambling mangrove.
The shambling mangrove hits you but does no damage.
You hit the shambling mangrove but do no damage.
You headbutt the shambling mangrove.
The spriggan rider completely misses you.
You hit the shambling mangrove.
The shambling mangrove is poisoned.
The shambling mangrove hits you but does no damage.
The briar patch crumbles away. x3
The +8 whip "Snakebite" {curare, rPois} stops dripping with poison.
You sense an unholy aura.
b - a +2 battleaxe of draining (weapon)
You are too injured to fight recklessly!
You are too injured to fight recklessly!
You hit the shambling mangrove but do no damage.
You headbutt the shambling mangrove, but do no damage.
Roots burst forth from the earth!
The grasping roots grab you! The grasping roots constrict you.
You slash the shambling mangrove!
You headbutt the shambling mangrove, but do no damage.
The spriggan rider hits you but does no damage.
You feel very mighty all of a sudden. The thorn hunter hits you.
The thorn hunter hits you but does no damage.
The shambling mangrove barely misses you.
The grasping roots constrict you!!
The spriggan rider hits you from afar with a +0 spear!
You take 36 damage, and have 53/144 hp.
MASSIVE DAMAGE!!
You slash the shambling mangrove! You hit the thorn hunter.
The thorn hunter fires a volley of thorns at you.
The volley of thorns hits you but does no damage.
The spriggan rider hits you but does no damage.
The shambling mangrove hits you!
* * * LOW HITPOINT WARNING * * *
x2 The grasping roots constrict you!
You take 21 damage, and have 32/144 hp.
Unknown command.
You slice the thorn hunter!! You headbutt the thorn hunter!
You completely miss the shambling mangrove.
The thorn hunter fires a volley of thorns at you.
The volley of thorns hits you!!
* * * LOW HITPOINT WARNING * * *
The spriggan rider hits you but does no damage.
You take 29 damage, and have 3/144 hp.
MASSIVE DAMAGE!!
You closely miss the thorn hunter. You hit the shambling mangrove.
The shambling mangrove completely misses you.
You die...

≈≈...≈ ♣♣....P.♣.........
P♣Pf.≈♣♣♣♣♣P....♣♣.....♣♣
PPP.P≈≈.♣♣♣♣♣♣♣...♣≈♣♣♣.†
.≈≈≈≈.≈≈≈).♣♣♣.♣P........
.≈.≈≈...≈≈.♣♣..♣♣.......♣
≈≈.≈≈≈≈....♣.♣♣♣♣P....≈^♣
≈♣.≈..≈♣♣i..♣♣.♣♣♣.P.P.♣♣
≈≈.≈.♣♣♣♣f.....♣ ♣.....♣
.≈$.. ♣@f.≈.≈.♣ ♣♣♣.♣♣♣
≈≈≈≈ ♣♣≈≈.♣≈≈♣ ♣♣♣ ≈≈.
♣..≈♣.>♣ ♣.♣♣♣ .≈.
♣♣.♣♣..♣ ♣♣...♣♣ ♣♣♣♣f.♣
♣..♣.♣♣ ♣♣.♣ ♣♣...≈♣♣
♣.♣♣♣.♣....♣ ♣..♣♣...♣..♣
♣♣≈≈♣≈†.♣♣..♣


You could see a thorn hunter, a shambling mangrove and a spriggan rider.

Vanquished Creatures
  Jorgrun (Orc:1)
  A thorn hunter (Swamp:2)
  Louise (Swamp:2)
  An ironheart preserver (D:14)
  A minotaur (Gauntlet)
  A green death (Gauntlet)
  An ettin (Orc:2)
  A fire dragon (Lair:6)
  8 hydras
  A catoblepas (Gauntlet)
  Fannar (Orc:1)
  3 two-headed ogres
  4 shambling mangroves (Swamp:2)
  Erica (Orc:1)
  A centaur warrior (D:14)
  5 death yaks (Lair:6)
  4 alligators
  3 orc high priests (Orc:2)
  Sonja (Lair:3)
  2 skeletal warriors (D:15)
  A spriggan druid (Swamp:2)
  A wizard (D:14)
  4 unseen horrors
  3 swamp dragons
  A phantasmal warrior (D:15)
  A golden dragon skeleton (D:15)
  5 orc knights (Orc:2)
  A necromancer (D:15)
  3 oklob plants (D:11)
  3 orc sorcerers (Orc:2)
  A wolf spider zombie (D:14)
  3 cyclopes
  8 ugly things
  A manticore (D:12)
  A stone giant skeleton (D:15)
  A torpor snail (Lair:4)
  13 black mambas
  2 toenail golems (Volcano)
  5 elephants
  Psyche (D:11)
  4 gargoyles
  A molten gargoyle (Volcano)
  3 centaur skeletons
  11 spiny frogs
  3 efreet (Volcano)
  15 komodo dragons
  3 kobold demonologists (D:14)
  5 rime drakes
  2 tengu conjurers (D:14)
  5 trolls
  3 jumping spiders (Lair:2)
  A polar bear (Lair:2)
  4 tyrant leeches
  8 blink frogs (Lair:5)
  11 hornets
  2 dream sheep (Lair:4)
  4 slime creatures (D:13)
  8 hippogriffs
  6 bog bodies
  A spriggan zombie (D:15)
  5 shadows
  15 spriggans
  A wraith (D:10)
  2 vampires
  2 fire elementals (Volcano)
  42 yaks
  6 wyverns
  5 basilisks
  A steam dragon (Lair:6)
  3 vampire mosquitoes (Swamp:1)
  2 hungry ghosts
  Edmund (D:5)
  Menkaure (D:4)
  9 swamp worms
  3 wargs
  16 water moccasins
  11 porcupines
  2 swamp drakes (Lair:6)
  A sky beast (D:11)
  28 orc warriors
  A black bear (D:8)
  9 ice beasts
  An eye of draining (D:14)
  4 phantoms
  14 ogres
  5 centaurs
  7 wolves
  3 boggarts (Lair:5)
  2 necrophages
  12 crocodiles
  7 big kobolds
  19 bullfrogs
  4 gnoll sergeants (D:11)
  An earth elemental (Volcano)
  A water moccasin zombie (D:12)
  A water moccasin skeleton (D:6)
  A tengu zombie (D:15)
  4 scorpions
  18 killer bees
  3 wights (D:11)
  An oklob sapling (Swamp:2)
  2 electric eels
  4 howler monkeys
  3 crimson imps
  A quasit (D:9)
  5 hounds
  5 bullfrog zombies
  4 centaur zombies
  5 jellies
  21 orc priests
  A gnoll shaman (D:5)
  A bullfrog skeleton (D:12)
  9 iguanas
  Jessica (D:3)
  24 orc wizards
  8 worker ants
  2 hound skeletons
  A mummy (D:7)
  3 worker ant zombies
  19 adders
  19 gnolls
  A river rat (Sewer)
  7 shadow imps
  8 oozes
  An adder skeleton (D:8)
  A worm (D:2)
  A dart slug (D:2)
  7 leopard geckos
  71 orcs
  7 ball pythons
  8 giant cockroaches
  10 goblins
  10 hobgoblins
  21 jackals
  26 kobolds
  4 quokkas
  12 bats
  7 frilled lizards
  A jackal skeleton (D:8)
  A quokka skeleton (D:6)
  A quokka zombie (D:5)
  11 rats
  2 fungi
  12 plants
843 creatures vanquished.

Vanquished Creatures (collateral kills)
  A basilisk (Lair:4)
  An orc warrior (D:11)
  An ogre (D:8)
  A killer bee (D:8)
  A hound (D:8)
  An orc priest (D:8)
  An orc (D:8)
  A jackal (D:8)
  A fungus (Lair:4)
9 creatures vanquished.

Vanquished Creatures (others)
  A vampire (D:12)
  6 yaks (D:12)
  An acid dragon (Lair:6)
  10 briar patches (Swamp:2)
  A fire vortex (Volcano)
  16 fungi
  20 plants
55 creatures vanquished.

Grand Total: 907 creatures vanquished

Notes
Turn   | Place    | Note
-------+----------+-------------------------------------------
     0 | D:1      | Firecrotchwizard the Minotaur Gladiator began the quest for
                  | the Orb.
     0 | D:1      | Reached XP level 1. HP: 18/18 MP: 0/0
   172 | D:1      | Reached skill level 4 in Axes
   177 | D:1      | Reached XP level 2. HP: 13/25 MP: 1/1
   795 | D:1      | Reached skill level 3 in Fighting
  1269 | D:2      | Reached XP level 3. HP: 31/31 MP: 2/2
  1389 | D:2      | HP: 7/31 [poisoned by an adder]
  1397 | D:2      | HP: 6/31 [poisoned by an adder]
  1738 | D:2      | Reached skill level 5 in Axes
  1738 | D:2      | Reached XP level 4. HP: 38/38 MP: 3/3
  1766 | D:2      | Reached skill level 4 in Dodging
  2130 | D:3      | Noticed Jessica
  2138 | D:3      | Killed Jessica
  2153 | D:3      | Noticed an ogre
  2159 | D:3      | Killed an ogre
  2159 | D:3      | Reached skill level 4 in Fighting
  2159 | D:3      | Reached skill level 1 in Armour
  2159 | D:3      | Reached XP level 5. HP: 46/46 MP: 4/4
  2192 | D:3      | Reached skill level 6 in Axes
  2322 | D:3      | Reached skill level 2 in Armour
  2472 | D:3      | Reached XP level 6. HP: 44/52 MP: 5/5
  3154 | D:4      | Found a glowing drain.
  3159 | Sewer    | Entered a sewer
  3276 | Sewer    | Reached skill level 7 in Axes
  3276 | Sewer    | Reached skill level 3 in Armour
  3293 | Sewer    | Found a white marble altar of Elyvilon.
  3382 | D:4      | Reached skill level 5 in Fighting
  3382 | D:4      | Reached XP level 7. HP: 61/61 MP: 6/6
  3671 | D:4      | Found a staircase to the Ecumenical Temple.
  3679 | D:4      | Noticed Menkaure
  3681 | Temple   | Entered the Ecumenical Temple
  3756 | Temple   | Became a worshipper of Makhleb the Destroyer
  3776 | D:4      | Killed Menkaure
  3776 | D:4      | Reached skill level 8 in Axes
  3776 | D:4      | Reached skill level 4 in Armour
  4394 | D:5      | Entered Level 5 of the Dungeon
  4474 | D:5      | Reached skill level 6 in Fighting
  4474 | D:5      | Reached XP level 8. HP: 54/70 MP: 7/7
  4525 | D:5      | Reached * piety under Makhleb
  4768 | D:5      | Found an ancient bone altar of Kikubaaqudgha.
  4768 | D:5      | Found a bloodstained altar of Trog.
  4791 | D:5      | Reached skill level 9 in Axes
  4967 | D:5      | Noticed Edmund
  4972 | D:5      | Killed Edmund
  4972 | D:5      | Reached skill level 5 in Armour
  5727 | D:6      | Reached skill level 7 in Fighting
  5727 | D:6      | Reached skill level 10 in Axes
  6302 | D:6      | Reached XP level 9. HP: 53/80 MP: 8/8
  6465 | D:6      | Reached skill level 11 in Axes
  6622 | D:6      | Reached ** piety under Makhleb
  6628 | D:6      | Reached skill level 8 in Fighting
  7115 | D:7      | Found an opulent altar of Gozag.
  7139 | D:7      | Reached skill level 1 in Invocations
  7237 | D:7      | Found a snail-covered altar of Cheibriados.
  7288 | D:7      | Found a stormy altar of Qazlal.
  7549 | D:7      | Reached skill level 2 in Invocations
  7625 | D:7      | Reached skill level 12 in Axes
  7641 | D:7      | HP: 18/82 [killer bee (3)]
  8181 | D:7      | Reached skill level 9 in Fighting
  8181 | D:7      | Reached skill level 3 in Invocations
  8284 | D:8      | Reached *** piety under Makhleb
  8295 | D:8      | Noticed a two-headed ogre
  8304 | D:8      | Killed a two-headed ogre
  8304 | D:8      | Reached XP level 10. HP: 91/91 MP: 11/11
  8382 | D:8      | Reached skill level 4 in Invocations
  8386 | D:8      | Reached skill level 13 in Axes
  8719 | D:8      | Noticed a two-headed ogre
  8732 | D:8      | Killed a two-headed ogre
  8919 | D:8      | Reached skill level 10 in Fighting
  8988 | D:8      | Reached skill level 5 in Invocations
  9571 | D:8      | HP: 22/93 [poisoned by a hornet]
  9576 | D:8      | HP: 16/93 [poisoned by a hornet]
  9581 | D:8      | HP: 12/93 [poisoned by a hornet]
  9586 | D:8      | HP: 9/93 [poisoned by a hornet]
  9592 | D:8      | HP: 8/93 [poisoned by a hornet]
  9598 | D:8      | HP: 7/93 [poisoned by a hornet]
  9606 | D:8      | HP: 7/93 [poisoned by a hornet]
  9969 | D:9      | Reached **** piety under Makhleb
 10076 | D:9      | Reached skill level 14 in Axes
 10519 | D:9      | Reached XP level 11. HP: 101/101 MP: 14/14
 10563 | D:9      | Reached skill level 6 in Invocations
 10587 | D:9      | HP: 25/101 [poisoned by an orc wizard]
 10594 | D:8      | HP: 24/101 [poisoned by an orc wizard]
 10602 | D:8      | HP: 24/101 [poisoned by an orc wizard]
 11208 | D:10     | Entered Level 10 of the Dungeon
 11336 | D:10     | Reached ***** piety under Makhleb
 11420 | D:10     | Reached skill level 6 in Armour
 11438 | D:10     | Reached skill level 11 in Fighting
 11537 | D:10     | Identified a scroll of acquirement
 11538 | D:10     | Got a scorched war axe
 11546 | D:10     | Identified the +3 war axe "Guzeh" {chop, rElec Int+4} (You
                  | acquired it on level 10 of the Dungeon)
 11852 | D:10     | Noticed an obsidian statue
 11890 | D:10     | Reached skill level 15 in Axes
 12080 | D:10     | Got a dazzling plate armour
 12081 | D:10     | HP: 23/102 [rust devil[an obsidian statue] (7)]
 12086 | D:10     | HP: 18/102 [poisoned by a chaos spawn]
 12091 | D:9      | HP: 15/102 [poisoned by a chaos spawn]
 12097 | D:9      | HP: 12/102 [poisoned by a chaos spawn]
 12102 | D:9      | HP: 12/102 [poisoned by a chaos spawn]
 12109 | D:9      | HP: 11/102 [poisoned by a chaos spawn]
 12117 | D:9      | HP: 12/102 [poisoned by a chaos spawn]
 12463 | D:9      | Identified the +6 plate armour "Vopt" {rC+ Regen+ Int-5
                  | SInv} (You found it on level 10 of the Dungeon)
 12464 | D:9      | Lost intelligence.
 12915 | D:11     | Killed an unseen horror
 13083 | D:11     | Noticed an oklob plant
 13089 | D:11     | Noticed a two-headed ogre
 13103 | D:11     | Killed a two-headed ogre
 13103 | D:11     | Reached skill level 7 in Armour
 13103 | D:11     | Reached skill level 7 in Invocations
 13319 | D:11     | Noticed a cyan ugly thing
 13324 | D:11     | Killed a cyan ugly thing
 13468 | D:11     | Reached XP level 12. HP: 111/111 MP: 16/16
 13666 | D:11     | Found Osafoink's Gadget Shoppe.
 13753 | D:11     | Noticed Psyche
 13763 | D:11     | Killed Psyche
 13810 | D:11     | Reached skill level 16 in Axes
 13811 | D:11     | Found a staircase to the Orcish Mines.
 14105 | D:11     | Found a staircase to the Lair.
 14114 | D:11     | HP: 19/112 [acid (11)]
 14115 | D:11     | Reached skill level 12 in Fighting
 14115 | D:11     | Reached skill level 8 in Armour
 14469 | Lair:1   | Entered Level 1 of the Lair of Beasts
 14677 | Lair:1   | Reached ****** piety under Makhleb
 14722 | Lair:1   | Reached skill level 8 in Invocations
 15388 | Lair:1   | Reached skill level 9 in Armour
 15396 | Lair:1   | Found the +8 whip "Snakebite" {curare, rPois}
 15774 | Lair:2   | Noticed a five-headed hydra
 15780 | Lair:2   | Reached skill level 17 in Axes
 15787 | Lair:2   | Killed a five-headed hydra
 16119 | Lair:2   | Found a hole to the Spider Nest.
 16458 | Lair:2   | Reached XP level 13. HP: 119/119 MP: 18/18
 16811 | Lair:3   | Reached skill level 9 in Invocations
 16819 | Lair:3   | Found a staircase to the Swamp.
 16857 | Lair:3   | Found a dark tunnel.
 16957 | Volcano  | Entered a volcano
 16970 | Volcano  | Reached skill level 13 in Fighting
 17317 | Volcano  | Got a pitted scale mail
 17507 | Lair:3   | Reached skill level 10 in Armour
 17686 | Lair:3   | Noticed Sonja
 17692 | Lair:3   | Killed Sonja
 17993 | Lair:3   | Identified the +1 scale mail of Lifelessness {Str+4} (You
                  | found it in a volcano)
 18133 | Lair:4   | Found a snail-covered altar of Cheibriados.
 18192 | Lair:4   | Reached skill level 18 in Axes
 18224 | Lair:4   | Noticed a dire elephant
 18546 | Lair:4   | Found a transporter.
 18553 | Lair:4   | Found a transporter.
 18636 | Lair:4   | Noticed Morgoth's ghost (journeyman DgWn)
 18958 | Lair:5   | Found a viscous altar of Jiyva.
 18958 | Lair:5   | Found a staircase to the Slime Pits.
 19287 | Lair:5   | Reached skill level 10 in Invocations
 19476 | Lair:5   | Reached skill level 11 in Armour
 19490 | Lair:5   | Reached XP level 14. HP: 104/130 MP: 20/20
 19863 | Lair:6   | Entered Level 6 of the Lair of Beasts
 19988 | Lair:6   | Reached skill level 14 in Fighting
 20113 | Lair:6   | Reached skill level 19 in Axes
 22179 | D:13     | Got an ichor-stained leather armour
 22227 | D:14     | Reached skill level 12 in Armour
 22329 | D:14     | Reached skill level 11 in Invocations
 22394 | D:14     | Found a gate to the Vaults.
 22394 | D:14     | Noticed an ironheart preserver
 22406 | D:14     | Killed an ironheart preserver
 22598 | D:14     | Found a gate leading to a gauntlet.
 22619 | Gauntlet | Entered a Gauntlet
 22619 | Gauntlet | Found a transporter.
 22619 | Gauntlet | Found a transporter.
 22621 | Gauntlet | Found a transporter.
 22624 | Gauntlet | Found a transporter.
 22624 | Gauntlet | Found a transporter.
 22624 | Gauntlet | Found a transporter.
 22634 | Gauntlet | Found a transporter.
 22638 | Gauntlet | Found a transporter.
 22638 | Gauntlet | Found a transporter.
 22643 | Gauntlet | Found a transporter.
 22650 | Gauntlet | Found a transporter.
 22652 | Gauntlet | Found a transporter.
 22843 | Gauntlet | Identified the +3 flail of Amortisation {flame, rF+ Str+2}
 22871 | Gauntlet | Got a scorched ring mail
 22877 | Gauntlet | Identified the amulet of Qiso {Acrobat rPois rF++ MP-9}
                  | (You acquired it in a Gauntlet)
 22893 | Gauntlet | Identified the cursed +1 ring mail of the Tundras {+Blink
                  | rCorr} (You found it in a Gauntlet)
 22968 | D:14     | Reached XP level 15. HP: 139/139 MP: 13/22
 23107 | D:14     | You fall into a shaft and drop 1 floor!
 23107 | D:15     | Entered Level 15 of the Dungeon
 23107 | D:15     | Found a staircase to the Depths.
 23117 | D:15     | Reached skill level 15 in Fighting
 23882 | D:14     | Paralysed by a wizard for 2 turns
 24158 | D:14     | Found a portal to a secret trove of treasure.
 24308 | Orc:1    | Entered Level 1 of the Orcish Mines
 24314 | Orc:1    | Found Haerunt's Weapon Shop.
 24485 | Orc:1    | Noticed Fannar
 24487 | Orc:1    | Noticed Jorgrun
 24496 | Orc:1    | Killed Fannar
 24505 | Orc:1    | Killed Jorgrun
 24537 | Orc:1    | Noticed Erica
 24546 | Orc:1    | Killed Erica
 24546 | Orc:1    | Reached skill level 13 in Armour
 24683 | Orc:2    | Entered Level 2 of the Orcish Mines
 24688 | Orc:2    | Found a staircase to the Elven Halls.
 25274 | Orc:2    | Reached skill level 5 in Dodging
 25311 | Orc:2    | Reached skill level 12 in Invocations
 25349 | Orc:2    | Found Hiluargh's Assorted Antiques.
 25349 | Orc:2    | Found Vaxin's Gadget Boutique.
 25352 | Orc:2    | Found Jekhejiq's Weapon Emporium.
 25352 | Orc:2    | Found Togaidyci's Antique Weapon Boutique.
 25361 | Orc:2    | Bought a runed battleaxe for 275 gold pieces
 25398 | Orc:2    | Found a roughly hewn altar of Beogh.
 25538 | Swamp:1  | Entered Level 1 of the Swamp
 26196 | Swamp:1  | Reached skill level 6 in Dodging
 26737 | Swamp:2  | Noticed a thorn hunter
 26742 | Swamp:2  | Noticed a thorn hunter
 26764 | Swamp:2  | HP: 32/143 [thorn hunter/volley of thorns (14)]
 26765 | Swamp:2  | Killed a thorn hunter
 26775 | Swamp:2  | HP: 31/143 [hornet[a shambling mangrove] (6)]
 26780 | Swamp:2  | HP: 32/143 [poisoned by a hornet]
 26785 | Swamp:2  | HP: 35/143 [poisoned by a hornet]
 26787 | Swamp:2  | Reached skill level 16 in Fighting
 27055 | Swamp:2  | Noticed Louise
 27073 | Swamp:2  | Killed Louise
 27094 | Swamp:2  | Reached skill level 7 in Dodging
 27129 | Swamp:2  | Noticed a thorn hunter
 27131 | Swamp:2  | Noticed a thorn hunter
 27147 | Swamp:2  | Reached skill level 14 in Armour
 27158 | Swamp:2  | HP: 32/144 [shambling mangrove (7)]
 27159 | Swamp:2  | HP: 3/144 [thorn hunter/volley of thorns (30)]
 27160 | Swamp:2  | Slain by a shambling mangrove

Levels and vault maps discovered:
D:1:      matt_arrival_spirals, layout_basic, grunt_decor_one_mirror,
          kennysheep_small_spiral, chequers_serial_rivers_small_3
D:2:      layout_rooms, minmay_goblin_outpost
D:3:      layout_loops_corners, minivault_27, uniq_jessica
D:4:      layout_basic, minmay_temple_entry_slanted, first_ration,
          portal_sewer_entry_e, uniq_menkaure
D:5:      layout_basic, chequers_temple_overflow_statue_of_worship,
          cheibrodos_gnoll_hut, uniq_edmund
D:6:      layout_cave_pools, hangedman_glass_teeth
D:7:      layout_loops_cross, nicolae_gozag_cash_rules_everything_around_me,
          cheibriados_altar_1, basic_altar, gup_ossuary_entry_pyramid,
          kennysheep_dice
D:8:      layout_basic, hangedman_little_slice_of_home
D:9:      layout_basic, minmay_fountain_box
D:10:     layout_irregular_city, minmay_protected_statue
D:11:     layout_irregular_city, dpeg_oklobed_lair,
          kennysheep_orc_monster_closet_entryway, serial_shops, shop,
          uniq_psyche
D:12:     layout_roguey, lemuel_flamethrower_hall
D:13:     layout_gridville
D:14:     layout_cave_pods, skrybe_vaults_entry_preservation,
          minmay_misc_feat_iff, gauntlet_entry_generic,
          nicolae_trove_entry_columns, kennysheep_generic_room_10
D:15:     gammafunk_depths_entry_grave, layout_cave_pods, roderic_st_hans_cross
Temple:   regret_index_temple_mists
Lair:1:   minmay_guarded_unrand_snakebite, layout_regular_city,
          grunt_megastairs_3, serial_bayou_shore_b
Lair:2:   statuecave_lemuel, layout_chaotic_city, spider_nest_entry_a
Lair:3:   layout_loops_ring, minmay_swamp_entry_worms, enter_volcano_1,
          uniq_sonja
Lair:4:   layout_roguey, basic_altar, gammafunk_ghost_berserking_beasts
Lair:5:   kb_forest_paths, layout_regular_city, dpeg_slime_entry_enclosed_altar,
          st_stairs_12
Lair:6:   guppyfry_lair_end_dragon, layout_regular_city,
          chequers_serial_rivers_micro_b, st_stairs_13
Swamp:1:  layout_falls_marsh, nicolae_swamp_trees_clearing
Swamp:2:  nicolae_swamp_phyte_club, layout_falls_marsh,
          evilmike_swamp_ruin_house_3, nicolae_swamp_alligator_family,
          uniq_louise
Orc:1:    layout_caves, serial_shops, shop, uniq_fannar, uniq_erica,
          uniq_jorgrun
Orc:2:    grunt_orc_tribal_feast, layout_diamond_mine, basic_altar,
          nicolae_orc_jurassic_orc

Skill      XL: |  1  2  3  4  5  6  7  8  9 10 11 12 13 14 15 |
---------------+----------------------------------------------+-----
Axes           | 4 5 6 7 8 10 12 14 15 17 18 19 | 19.9
Fighting       | 3 4 5 6 7 9 10 11 12 13 14 16 | 16.0
Dodging        | 4 7 |  7.0
Armour         | 1 2 3 4 5 7 9 11 12 14 | 14.0
Invocations    | 3 5 7 8 10 11 12 | 12.5
Maces & Flails | |  0.3
Throwing       | |  2.0

Action                   |  1- 3 |  4- 6 |  7- 9 | 10-12 | 13-15 || total
-------------------------+-------+-------+-------+-------+-------++-------
Melee: War axe           |    74 |   125 |   245 |    47 |       ||   491
       Headbutt          |     6 |    26 |    58 |   156 |   287 ||   533
       Morningstar       |       |     9 |       |       |       ||     9
       Trident           |       |       |   102 |   177 |       ||   279
       Battleaxe         |       |       |       |   522 |  1053 ||  1575
       Unarmed           |       |       |       |     4 |       ||     4
       Whip              |       |       |       |       |    45 ||    45
Throw: Throwing net      |       |     2 |       |       |       ||     2
       Stone             |       |       |       |    37 |       ||    37
Invok: Minor Destruction |       |       |     3 |    12 |    14 ||    29
       Lesser Servant of |       |       |     1 |     6 |     5 ||    12
       Major Destruction |       |       |       |       |     3 ||     3
       Greater Servant o |       |       |       |       |     2 ||     2
Evoke: Wand              |       |       |       |       |     2 ||     2
  Use: Scroll            |     1 |     4 |     1 |    21 |    15 ||    42
       Potion            |       |       |     2 |       |     5 ||     7
 Stab: Held in net/web   |       |     1 |       |       |       ||     1
       Distracted        |       |       |     1 |       |     2 ||     3
       Confused          |       |       |       |       |     1 ||     1
  Eat: Chunk             |     3 |     5 |    16 |    25 |    27 ||    76
       Ration            |       |       |       |     1 |     2 ||     3
Armor: Ring mail         |     4 |       |       |       |    36 ||    40
       Leather armour    |     1 |       |       |       |       ||     1
       Chain mail        |    49 |    81 |    93 |       |       ||   223
       Plate armour      |       |       |   120 |   439 |   449 ||  1008
       Storm dragon scal |       |       |       |       |   258 ||   258
Dodge: Dodged            |    50 |    85 |   176 |   265 |   453 ||  1029

Table legend:
 A = Non-vault XP
 B = Vault XP
 C = Vault XP percentage of total XP
 D = Non-vault monster count
 E = Vault monster count
 F = Vault count percentage of total count
                 A         B        C        D         E       F
            +---------+---------+-------+---------+---------+-------
      Total |   95196 |   57482 |  37.6 |     640 |     198 |  23.6
            +---------+---------+-------+---------+---------+-------
        D:1 |      40 |       0 |   0.0 |      23 |       0 |   0.0
        D:2 |      72 |      22 |  23.4 |      21 |      11 |  34.4
        D:3 |     410 |      37 |   8.3 |      34 |       1 |   2.9
        D:4 |     371 |     169 |  31.3 |      20 |       1 |   4.8
        D:5 |     585 |     273 |  31.8 |      23 |       4 |  14.8
        D:6 |    1166 |       0 |   0.0 |      27 |       0 |   0.0
        D:7 |    1535 |      18 |   1.2 |      32 |       1 |   3.0
        D:8 |    3862 |     161 |   4.0 |      57 |       8 |  12.3
        D:9 |    3527 |       0 |   0.0 |      39 |       0 |   0.0
       D:10 |    3497 |       0 |   0.0 |      58 |       0 |   0.0
       D:11 |    6586 |    4379 |  39.9 |      37 |      24 |  39.3
       D:12 |    1333 |       0 |   0.0 |      15 |       0 |   0.0
       D:13 |    5999 |       0 |   0.0 |      23 |       0 |   0.0
       D:14 |    9285 |    4591 |  33.1 |      33 |      10 |  23.3
       D:15 |    1763 |    4154 |  70.2 |       5 |       8 |  61.5
     Lair:1 |    2094 |    4257 |  67.0 |      10 |      16 |  61.5
     Lair:2 |    5084 |     884 |  14.8 |      28 |       3 |   9.7
     Lair:3 |    4714 |    1832 |  28.0 |      15 |       5 |  25.0
     Lair:4 |    5950 |       0 |   0.0 |      19 |       0 |   0.0
     Lair:5 |    5673 |    7377 |  56.5 |      25 |      24 |  49.0
     Lair:6 |    9749 |    4397 |  31.1 |      25 |      15 |  37.5
    Swamp:1 |    7423 |       0 |   0.0 |      19 |       0 |   0.0
    Swamp:2 |   11026 |    4832 |  30.5 |      25 |       5 |  16.7
      Orc:1 |     540 |    4077 |  88.3 |       6 |       3 |  33.3
      Orc:2 |    2912 |    8035 |  73.4 |      21 |      30 |  58.8
      Sewer |       0 |     123 | 100.0 |       0 |      11 | 100.0
    Volcano |       0 |    2910 | 100.0 |       0 |       9 | 100.0
   Gauntlet |       0 |    4954 | 100.0 |       0 |       9 | 100.0
            +---------+---------+-------+---------+---------+-------

Levels and vault maps discovered:
D:1:      matt_arrival_spirals, layout_basic, grunt_decor_one_mirror,
          kennysheep_small_spiral, chequers_serial_rivers_small_3
D:2:      layout_rooms, minmay_goblin_outpost
D:3:      layout_loops_corners, minivault_27, uniq_jessica
D:4:      layout_basic, minmay_temple_entry_slanted, first_ration,
          portal_sewer_entry_e, uniq_menkaure
D:5:      layout_basic, chequers_temple_overflow_statue_of_worship,
          cheibrodos_gnoll_hut, uniq_edmund
D:6:      layout_cave_pools, hangedman_glass_teeth
D:7:      layout_loops_cross, nicolae_gozag_cash_rules_everything_around_me,
          cheibriados_altar_1, basic_altar, gup_ossuary_entry_pyramid,
          kennysheep_dice
D:8:      layout_basic, hangedman_little_slice_of_home
D:9:      layout_basic, minmay_fountain_box
D:10:     layout_irregular_city, minmay_protected_statue
D:11:     layout_irregular_city, dpeg_oklobed_lair,
          kennysheep_orc_monster_closet_entryway, serial_shops, shop,
          uniq_psyche
D:12:     layout_roguey, lemuel_flamethrower_hall
D:13:     layout_gridville
D:14:     layout_cave_pods, skrybe_vaults_entry_preservation,
          minmay_misc_feat_iff, gauntlet_entry_generic,
          nicolae_trove_entry_columns, kennysheep_generic_room_10
D:15:     gammafunk_depths_entry_grave, layout_cave_pods, roderic_st_hans_cross
Temple:   regret_index_temple_mists
Lair:1:   minmay_guarded_unrand_snakebite, layout_regular_city,
          grunt_megastairs_3, serial_bayou_shore_b
Lair:2:   statuecave_lemuel, layout_chaotic_city, spider_nest_entry_a
Lair:3:   layout_loops_ring, minmay_swamp_entry_worms, enter_volcano_1,
          uniq_sonja
Lair:4:   layout_roguey, basic_altar, gammafunk_ghost_berserking_beasts
Lair:5:   kb_forest_paths, layout_regular_city, dpeg_slime_entry_enclosed_altar,
          st_stairs_12
Lair:6:   guppyfry_lair_end_dragon, layout_regular_city,
          chequers_serial_rivers_micro_b, st_stairs_13
Swamp:1:  layout_falls_marsh, nicolae_swamp_trees_clearing
Swamp:2:  nicolae_swamp_phyte_club, layout_falls_marsh,
          evilmike_swamp_ruin_house_3, nicolae_swamp_alligator_family,
          uniq_louise
Orc:1:    layout_caves, serial_shops, shop, uniq_fannar, uniq_erica,
          uniq_jorgrun
Orc:2:    grunt_orc_tribal_feast, layout_diamond_mine, basic_altar,
          nicolae_orc_jurassic_orc

Table legend:
 A = Turns spent in this place as a percentage of turns spent in the entire game.
 B = Non-inter-level travel turns spent in this place as a percentage of non-inter-level travel turns spent in the entire game.
 C = Inter-level travel turns spent in this place as a percentage of turns spent in this place.
 D = Turns resting spent in this place as a percentage of non-inter-level travel turns spent in this place.
 E = Turns spent auto-exploring this place as a percentage of non-inter-level travel turns spent in this place.
 F = Non-inter-level travel turns spent in this place divided by the number of levels of this place that you've seen.
                   A       B       C       D       E      F
               +-------+-------+-------+-------+-------+----------------------
         Total | 100.0 | 100.0 |   4.1 |  25.9 |  53.4 | 898.3
       Dungeon |  63.8 |  63.8 |   4.1 |  29.9 |  51.6 | 1108.2
        Temple |   0.3 |   0.3 |  10.6 |   0.0 |  73.7 |  76.0
          Lair |  22.5 |  22.2 |   5.3 |  16.8 |  62.7 | 965.7
         Swamp |   6.0 |   6.1 |   2.3 |  33.8 |  39.7 | 792.5
  Orcish Mines |   4.2 |   4.3 |   2.7 |   0.0 |  78.5 | 557.5
         Sewer |   0.7 |   0.7 |   0.0 |  26.8 |  54.7 | 179.0
       Volcano |   1.4 |   1.5 |   0.0 |  55.3 |   2.9 | 378.0
      Gauntlet |   1.1 |   1.2 |   0.0 |   0.0 |   7.3 | 300.0
               +-------+-------+-------+-------+-------+----------------------

Table legend:
 A = Kills in this place as a percentage of kills in entire the game.
 B = Kills by you in this place as a percentage of kills by you in the entire game.
 C = Kills by friends in this place as a percentage of kills by friends in the entire game.
 D = Other kills in this place as a percentage of other kills in the entire game.
 E = Experience gained in this place as a percentage of experience gained in the entire game.
 F = Experience gained in this place divided by the number of levels of this place that you have seen.
                   A       B       C       D       E      F
               +-------+-------+-------+-------+-------+----------------------
         Total | 100.0 | 100.0 | 100.0 | 100.0 | 100.0 | 5264.8
       Dungeon |  61.5 |  61.3 |  87.5 |   0.0 |  35.3 | 3589.0
          Lair |  22.1 |  22.1 |  12.5 | 100.0 |  34.1 | 8668.5
         Swamp |   5.8 |   5.9 |   0.0 |   0.0 |  15.2 | 11640.5
  Orcish Mines |   7.2 |   7.2 |   0.0 |   0.0 |  10.2 | 7782.0
         Sewer |   1.3 |   1.3 |   0.0 |   0.0 |   0.1 | 123.0
       Volcano |   1.1 |   1.1 |   0.0 |   0.0 |   1.9 | 2910.0
      Gauntlet |   1.1 |   1.1 |   0.0 |   0.0 |   3.2 | 4954.0
               +-------+-------+-------+-------+-------+----------------------
